 Dungeon Crawl Stone Soup version 0.31-a0-963-ga325b2283a (webtiles) character file.

Game seed: 7527014416855969518

609354 Morbidden the Wrestler (level 26, -3/338 HPs)
             Began as a Troll Shapeshifter on Oct 23, 2023.
             Was a High Priest of Cheibriados.
             Killed from afar by a yellow draconian (22 damage)
             ... with a glob of acid
             ... on level 3 of the Realm of Zot on Oct 24, 2023.
             The game lasted 02:30:25 (59330 turns).

Morbidden the Wrestler (Troll Shapeshifter)        Turns: 59330, Time: 02:30:26

Health: -3/338     AC: 24    Str: 48 (49) XL:     26   Next: 19%
Magic:  0/34       EV: 24    Int: 20      God:    Cheibriados [*****.]
Gold:   8960       SH: 14    Dex: 25      Spells: 25/25 levels left

rFire   . .          .
                       - Unarmed
rCold   . . .        z - +0 kite shield {reflect}
rNeg    + . .        a - melded +3 troll leather armour {Snorg}
rPois   ∞            I - +2 hat of the Bear Spirit {Spirit, Bear, *Rage Will++}
rElec   +            y - +1 cloak of Ycvan {rElec rPois Str-2 Dex+4 Slay+4}
rCorr   .            (gloves unavailable)
SInv    .            (boots unavailable)
Will    +++..        r - amulet of Vitality {RegenMP++ Regen++}
Stlth   +++          M - +4 ring of protection
HPRegen 3.16/turn    C - +4 ring of protection
MPRegen 1.04/turn

%: random rage (20%), reflection, guardian spirit
@: statue-form, corroded, on berserk cooldown, slowed, studying 3 skills, very
slow
A: slow and powerful, torment resistance 1, boosted hp, large, unfitting armour,
claws 3, regeneration 1, (shaggy fur 1), (tough skin 1), clumsy 1, high MP 1,
mutation resistance 1
}: 4/15 runes: barnacled, slimy, silver, gossamer
a: Begin Untransformation, Renounce Religion, Bend Time, Temporal Distortion,
Slouch, Step From Time


You were on level 3 of the Realm of Zot.
You worshipped Cheibriados.
Cheibriados was extremely pleased with you.
You were a living statue of rough stone.
You visited 13 branches of the dungeon, and saw 55 of its levels.
You also visited: Trove, Gauntlet and Desolation.

You collected 13587 gold pieces.
You spent 4627 gold pieces at shops.

Inventory:

Hand Weapons
 b - a +9 hand cannon of flaming
 U - the +3 Elemental Staff {ele, rElec rF+ rC+ AC+3}
   (You found it on level 5 of the Pits of Slime)

   AC+3:      It affects your AC (+3).
   rF+:       It protects you from fire.
   rC+:       It protects you from cold.
   rElec:     It insulates you from electricity.
Missiles
 w - 8 javelins
 A - 15 silver javelins
 G - 9 throwing nets
 H - 15 curare-tipped darts
 J - 23 boomerangs (quivered)
 W - 97 large rocks
Armour
 a - a +3 troll leather armour (melded) {Snorg}
 g - the +3 cloak of Fashionability {rC+}
   (You found it on level 3 of the Crypt)

   rC+:       It protects you from cold.
 y - the +1 cloak of Ycvan (worn) {rElec rPois Str-2 Dex+4 Slay+4}
   (You found it on level 3 of the Dungeon)

   Str-2:     It affects your strength (-2).
   Dex+4:     It affects your dexterity (+4).
   Slay+4:    It affects your accuracy & damage with ranged weapons and melee
   (+4).
   rElec:     It insulates you from electricity.
   rPois:     It protects you from poison
 z - a +0 kite shield of reflection (worn)
 F - the +6 fire dragon scales of Weightlessness {rElec rF++ rC- Will+ Str-2}
   (You found it on level 5 of the Lair of Beasts)

   Str-2:     It affects your strength (-2).
   rF++:      It greatly protects you from fire.
   rC-:       It makes you vulnerable to cold.
   rElec:     It insulates you from electricity.
   Will+:     It increases your willpower.
 I - the +2 hat of the Bear Spirit (worn) {Spirit, Bear, *Rage Will++}
   (You acquired it on level 7 of the Dungeon)

   Bear:      Going berserk makes the wearer exceptionally tough, and they are
   slowed for a shorter time afterward.
   Will++:    It greatly increases your willpower.
   *Rage:     It berserks you when you make melee attacks (+20% chance).
Jewellery
 c - a ring of protection from fire
 h - the ring of Susiecag {rElec rPois rC+ Int+6}
   (You took it off a vault warden on level 5 of the Vaults)

   [ring of intelligence]

   Int+6:     It affects your intelligence (+6).
   rC+:       It protects you from cold.
   rElec:     It insulates you from electricity.
   rPois:     It protects you from poison
 n - the ring "Xihit" {rF+ Dex+5}
   (You found it in a Gauntlet)

   [ring of protection from fire]

   Dex+5:     It affects your dexterity (+5).
   rF+:       It protects you from fire.
 r - the amulet of Vitality (around neck) {RegenMP++ Regen++}
   (You bought it in a shop on level 2 of the Orcish Mines)

   [amulet of magic regeneration]

   RegenMP:   It increases your rate of magic regeneration.
   Regen++:   It increases your rate of health regeneration.
 B - a ring of resist corrosion
 C - a +4 ring of protection (right claw)
 L - a ring of see invisible
 M - a +4 ring of protection (left claw)
Talismans
 u - a granite talisman (active)
Wands
 m - a wand of roots (50)
 x - a wand of flame (172)
 K - a wand of light (22)
 N - a wand of charming (72)
 Y - a wand of digging (52)
 Z - a wand of mindburst (19)
Scrolls
 f - 3 scrolls of immolation
 i - 10 scrolls of revelation
 l - 11 scrolls of teleportation
 p - a scroll of blinking
 s - 9 scrolls of poison
 v - 10 scrolls of enchant armour
 O - 2 scrolls of fear
 P - 3 scrolls of brand weapon
 S - a scroll of silence
Potions
 d - 4 potions of ambrosia
 e - 15 potions of curing
 j - 14 potions of might
 k - a potion of magic
 q - 5 potions of berserk rage
 t - 12 potions of enlightenment
 E - 8 potions of heal wounds
 T - 7 potions of cancellation
 V - 13 potions of mutation
 X - a potion of invisibility
Miscellaneous
 o - a lightning rod (4/4)
 D - a phial of floods
 Q - a sack of spiders (inert)
 R - a tin of tremorstones (inert)


   Skills:
 * Level 14.8 Fighting
 + Level 1.3 Ranged Weapons
 * Level 16.3 Throwing
 + Level 5.6 Armour
 * Level 17.1 Dodging
 + Level 4.8 Stealth
 + Level 11.5 Shields
 + Level 24.1 Unarmed Combat
 + Level 12.7 Invocations
 * Level 12.0 Evocations
 * Level 17.4 Shapeshifting


You had 25 spell levels left.
You didn't know any spells.
Your spell library contained the following spells:

 Spells                   Type           Power      Damage    Failure   Level
 Apportation              Tloc           0%         N/A       26%         1
 Magic Dart               Conj           0%         1d3       26%         1
 Necrotise                Necr           0%         1d4       26%         1
 Sandblast                Erth           0%         2d4       26%         1
 Shock                    Conj/Air       0%         1d3       26%         1
 Slow                     Hex            0%         N/A       26%         1
 Sting                    Tmut/Pois      0%         1d3       26%         1
 Summon Small Mammal      Summ           0%         N/A       26%         1
 Blink                    Tloc           0%         N/A       36%         2
 Call Imp                 Summ           0%         N/A       36%         2
 Cigotuvi's Dreadful Rot  Necr/Pois/Air  0%         N/A       36%         2
 Jinxbite                 Hex            0%         N/A       36%         2
 Lesser Beckoning         Tloc           0%         N/A       36%         2
 Momentum Strike          Conj/Tloc      0%         3d8       36%         2
 Passwall                 Tmut/Erth      0%         N/A       36%         2
 Poisonous Vapours        Pois/Air       0%         N/A       36%         2
 Static Discharge         Conj/Air       0%         3-3/arc   36%         2
 Call Canine Familiar     Summ           0%         N/A       58%         3
 Dazzling Flash           Conj/Hex       0%         N/A       58%         3
 Frozen Ramparts          Ice            0%         1d1       58%         3
 Gell's Gravitas          Tloc           0%         N/A       58%         3
 Ignite Poison            Fire/Tmut/Pois 0%         N/A       58%         3
 Mephitic Cloud           Conj/Pois/Air  0%         N/A       58%         3
 Ozocubu's Armour         Ice            0%         N/A       58%         3
 Stone Arrow              Conj/Erth      0%         3d7       58%         3
 Summon Guardian Golem    Hex/Summ       0%         N/A       58%         3
 Swiftness                Air            0%         N/A       58%         3
 Teleport Other           Tloc           0%         N/A       58%         3
 Tukima's Dance           Hex            0%         N/A       58%         3
 Vampiric Draining        Necr           0%         2d6       58%         3
 Volatile Blastmotes      Fire/Tloc      0%         2d10      58%         3
 Airstrike                Air            0%         2d(0-16)  94%         4
 Anguish                  Hex/Necr       0%         N/A       94%         4
 Animate Armour           Summ/Erth      0%         N/A       94%         4
 Animate Dead             Necr           0%         N/A       94%         4
 Brom's Barrelling Bould  Conj/Erth      0%         2d3       94%         4
 Cause Fear               Hex            0%         N/A       94%         4
 Dimensional Bullseye     Hex/Tloc       0%         N/A       94%         4
 Dispel Undead            Necr           0%         3d6       94%         4
 Flame Wave               Conj/Fire      0%         2d4       94%         4
 Fulminant Prism          Conj/Hex       0%         3d5       94%         4
 Iskenderun's Mystic Bla  Conj/Tloc      0%         2d3       94%         4
 Leda's Liquefaction      Hex/Erth       0%         N/A       94%         4
 Manifold Assault         Tloc           0%         N/A       94%         4
 Petrify                  Tmut/Erth      0%         N/A       94%         4
 Sticky Flame             Conj/Fire      0%         2d3       94%         4
 Summon Ice Beast         Ice/Summ       0%         N/A       94%         4
 Summon Lightning Spire   Summ/Air       0%         N/A       94%         4
 Vhi's Electric Charge    Tloc/Air       0%         N/A       94%         4
 Agony                    Necr           0%         N/A       100%        5
 Alistair's Intoxication  Tmut/Pois      0%         N/A       100%        5
 Arcjolt                  Conj/Air       0%         1d10      100%        5
 Borgnjor's Vile Clutch   Necr/Erth      0%         N/A       100%        5
 Fireball                 Conj/Fire      0%         3d3       100%        5
 Freezing Cloud           Conj/Ice/Air   0%         6-21      100%        5
 Irradiate                Conj/Tmut      0%         3d11      100%        5
 Iskenderun's Battlesphe  Conj           0%         2d6       100%        5
 Lee's Rapid Deconstruct  Erth           0%         3d4*      100%        5
 Metabolic Englaciation   Hex/Ice        0%         N/A       100%        5
 Silence                  Hex/Air        0%         N/A       100%        5
 Summon Forest            Summ/Tloc      0%         N/A       100%        5
 Summon Mana Viper        Hex/Summ       0%         N/A       100%        5
 Bombard                  Conj/Erth      0%         9d1       100%        6
 Conjure Ball Lightning   Conj/Air       0%         3x3d6     100%        6
 Death Channel            Necr           0%         N/A       100%        6
 Dispersal                Tloc           0%         N/A       100%        6
 Eringya's Noxious Bog    Tmut/Pois      0%         4d6       100%        6
 Simulacrum               Ice/Necr       0%         N/A       100%        6
 Summon Cactus Giant      Summ           0%         N/A       100%        6
 Enfeeble                 Hex            0%         N/A       100%        7
 Haunt                    Necr/Summ      0%         N/A       100%        7
 Malign Gateway           Summ/Tloc      0%         N/A       100%        7
 Monstrous Menagerie      Summ           0%         N/A       100%        7
 Orb of Destruction       Conj           0%         9d5       100%        7
 Spellforged Servitor     Conj/Summ      0%         N/A       100%        7
 Borgnjor's Revivificati  Necr           0%         N/A       100%        8
 Discord                  Hex            0%         N/A       100%        8
 Disjunction              Tloc           0%         N/A       100%        8
 Infestation              Necr           0%         N/A       100%        8
 Maxwell's Capacitive Co  Air            0%         ∞         100%        8
 Summon Horrible Things   Summ           0%         N/A       100%        8
 Death's Door             Necr           0%         N/A       100%        9
 Dragon's Call            Summ           0%         N/A       100%        9
 Sublimation of Blood     Necr           Unusable   N/A       N/A         2

Dungeon Overview and Level Annotations

Branches:
Dungeon (15/15)            Temple (1/1) D:4            Lair (5/5) D:8
 Shoals (4/4) Lair:2       Spider (4/4) Lair:3        Slime (5/5) Lair:5
    Orc (2/2) D:9             Elf (3/3) Orc:2        Vaults (5/5) D:13
  Crypt (3/3) Vaults:2       Tomb (0/3) Crypt:3      Depths (4/4) D:15
   Hell (visited)             Zot (3/5) Depths:4    Desolation (visited)
Gauntlet (visited)
    Dis: Hell:1         Geh: Hell:1         Coc: Hell:1         Tar: Hell:1

Altars:
Ashenzari
Cheibriados
Dithmenos
Elyvilon
Fedhas
Gozag
Hepliaklqana
Kikubaaqudgha
Makhleb
Nemelex Xobeh
Okawaru
Qazlal
Ru
Sif Muna
Trog
Uskayaw
Vehumet
Wu Jian
Xom
Yredelemnul
Zin
The Shining One
Jiyva

Shops:
D:10 *   D:15 :   Orc:2 !(=?   Elf:2 :   Shoals:2 *   Shoals:3 (   Vaults:3 =

Portals:
Hell: Depths:1 Depths:2 Depths:3 Depths:4
Abyss: Depths:2 Depths:3
Pandemonium: Depths:2 Depths:3
Ziggurat: Depths:2

Annotations:
D:5 3 runed translucent doors, haldagan's ghost, amateur OpSh
D:15 1 runed translucent door, Zlot's ghost, journeyman DsBe
Lair:2 3 runed translucent doors, Jannitor's ghost, journeyman GnGl
Lair:3 2 transporters
Shoals:2 2 transporters, exclusion: orange crystal statue
Elf:2 5 runed translucent doors
Vaults:1 2 transporters
Hell Geryon


Innate Abilities, Weirdness & Mutations

You are a living statue of rough stone.
Your actions are slow, but your melee attacks are powerful.
You are resistant to unholy torment.
Your maximum health is greatly increased.
Your equipment is partially melded.
You are too large for most types of armour.
You are immune to poison.
You have claws for hands.
Your natural rate of healing is unusually fast.
((You are covered in fur. (AC +1)))
((You have tough skin. (AC +1)))
You are clumsy. (Dex -2)
You have an increased reservoir of magic. (+10% MP)
You are somewhat resistant to further mutation.


Message History

* * * LOW HITPOINT WARNING * * *
The white draconian breathes frost at you.
The blast of cold hits the death cob.
The death cob resists.
The blast of cold hits your tarantella!
Your tarantella dies!
Your tarantella's corpse disappears in a puff of smoke!
The blast of cold hits you!!
* * * LOW HITPOINT WARNING * * *
The yellow draconian closely misses you.
A bolt of lightning appears from out of thin air!
The bolt of lightning misses you.
Your jumping spider pounces on the yellow draconian!
The yellow draconian dies!
Cheibriados appreciates the change of pace.
The yellow draconian spits acid at you. The glob of acid hits you!
* * * LOW HITPOINT WARNING * * *
You block the green draconian's attack.
The white draconian breathes frost at you.
The blast of cold hits you!!!
* * * LOW HITPOINT WARNING * * *
A curse toe comes into view.
Something misses you. The green death closely misses you.
The green draconian closely misses you.
The yellow draconian completely misses you.
You hear a deafening roar!
You feel your strength returning.
Items here: )) ††.
Unknown command.
Unknown command.
Unknown command.
Unknown command.
Unknown command.
Blink to where?
Press: ? - help, Dir - move target
As you read the scroll of blinking, it crumbles to dust.
Your jumping spider leaps!
The yellow draconian spits acid at you. The glob of acid hits you!!
You die...

....# .....#
......# .......##
......#### .
#.......#
....#......######
.......8........#
...............
.⌠....##○......
....## #....###
... ##))).# ..
##.d2###
.○..##d)§##
.z..qd.z.#
.....z...#


You could see a yellow draconian (catching breath), a death cob and a green
death (summoned).

Vanquished Creatures
  the Royal Jelly (Slime:5)
  Khufu (Crypt:2)
  5 dread liches
  2 ancient liches (Crypt:3)
  Mennas (Vaults:3)
  Boris (Depths:2)
  A royal mummy (Crypt:2)
  Frederick (Crypt:2)
  Margery (Vaults:2)
  Bai Suzhen (Spider:4)
  Xtahua (Crypt:2)
  A Killer Klown (Zot:3)
  3 curse toes (Zot:1)
  2 caustic shrikes (Depths:3)
  Saint Roka (Vaults:2)
  4 bone dragons
  5 golden dragons
  The ghost of dertzug the Executioner, an adept MiFi of Hepliaklqana (Depths:2)
  Jorgrun (Lair:2)
  4 liches
  10 tentacled monstrosities
  3 walking earthen tomes (Depths:3)
  2 deep elf blademasters (Elf:3)
  3 quicksilver dragons
  A walking frostbound tome (Depths:3)
  Asterion (Vaults:1)
  2 deep elf master archers (Elf:3)
  4 titans
  15 acid blobs
  Frances (D:12)
  Gastronok (D:10)
  8 sphinxes
  2 walking divine tomes (Depths:3)
  6 shadow dragons
  7 death cobs
  9 tengu reavers
  Kirke (D:12)
  Agnes (Elf:2)
  Ilsuiw (Shoals:2)
  4 storm dragons
  Donald (Shoals:2)
  20 azure jellies
  A revenant (Crypt:3)
  Roxanne (Spider:1)
  5 fire giants
  12 rockslimes
  A draconian knight (Zot:1)
  6 deep elf sorcerers
  3 draconian scorchers
  2 imperial myrmidons (Desolation)
  2 spectral juggernauts (Depths:2)
  10 frost giants
  23 vault wardens
  A juggernaut zombie (Crypt:3)
  2 caustic shrike zombies
  8 deep elf elementalists (Elf:3)
  3 draconian shifters
  A spectral caustic shrike (Depths:2)
  5 emperor scorpions
  5 curse skulls
  A ghost moth (Zot:2)
  5 iron dragons
  A balrug (Depths:4)
  3 orc warlords
  4 draconian annihilators
  2 ghouls (Crypt:2)
  4 war gargoyles
  22 ironbound preservers
  16 very ugly things
  2 reapers
  A spriggan defender (Depths:3)
  A caustic shrike skeleton (Crypt:3)
  2 juggernaut skeletons (Hell)
  2 broodmothers
  8 quicksilver oozes
  3 draconian stormcallers
  11 deep elf demonologists
  8 ironbound thunderhulks
  3 black draconians
  9 formless jellyfish
  4 green draconians
  Nessos (Lair:4)
  15 stone giants
  6 vampire knights
  A lorocyproca (Depths:4)
  2 minotaurs
  15 deep elf annihilators
  5 purple draconians
  2 halazid warlocks (Desolation)
  2 white draconians
  5 spark wasps
  8 dire elephants
  3 yellow draconians
  The ghost of BinkBink the Protected, a journeyman MiFi of Ru (Orc:1)
  2 crystal guardians
  4 red draconians
  4 eidola
  18 ettins
  A spectral quicksilver dragon (Depths:2)
  Snorg (D:14)
  A merfolk javelineer (Shoals:2)
  3 jiangshi (Crypt:2)
  3 merfolk impalers
  13 ragged hierophants (Desolation)
  9 entropy weavers
  7 deep elf high priests
  8 fire dragons
  4 deep elf death magi
  15 great orbs of eyes
  6 rakshasas
  35 vault guards
  4 spriggan air magi
  9 yaktaur captains
  A hell beast (Depths:2)
  5 hydras
  2 spriggan zombies (Crypt:2)
  2 spriggan skeletons (Crypt:3)
  3 alligator snapping turtles
  2 catoblepae
  3 jorogumos (Spider:4)
  10 servants of whispers (Desolation)
  26 centaur warriors
  A merfolk avatar (Shoals:3)
  3 radroaches
  11 boulder beetles
  An ogre mage (Crypt:1)
  A sphinx zombie (Vaults:2)
  4 ice dragons
  A catoblepas (shapeshifter) (Depths:3)
  5 peacekeepers
  2 merfolk aquamancers
  4 salamander tyrants (Depths:2)
  7 ironbound frosthearts
  12 satyrs
  An anaconda (shapeshifter) (Vaults:5)
  11 dancing weapons
  2 deep troll shamans
  2 death knights
  3 deep troll earth magi
  12 tengu warriors
  A death scarab (Spider:3)
  8 demonic crawlers
  A spriggan berserker (Depths:4)
  4 vampire magi
  7 occultists
  A titan zombie (Depths:1)
  2 hell knights (Vaults:2)
  5 deep elf knights
  3 spriggans (Depths:4)
  6 orc high priests
  12 soul eaters
  Sonja (D:10)
  Amaemon (Lair:3)
  5 sun demons (Depths:4)
  7 skysharks
  11 pharaoh ants
  A titan skeleton (Crypt:2)
  Nergalle (D:12)
  A deep troll (shapeshifter) (Depths:3)
  38 skeletal warriors
  A storm dragon skeleton (Crypt:2)
  46 deep trolls
  3 iron trolls
  4 sun moths
  14 sea snakes
  4 flayed ghosts
  6 glowing orange brains
  10 orb spiders
  A swamp dragon (Lair:5)
  3 arcanists
  A spectral iron dragon (Depths:2)
  2 lindwurms
  2 spriggan simulacra
  4 steelbarb worms
  14 harpies
  17 ironbound convokers
  Pikel (D:6)
  10 phantasmal warriors
  9 deep elf archers (Elf:1)
  3 oklob plants
  15 deep elf pyromancers
  28 wolf spiders
  22 deep elf zephyrmancers
  12 necromancers
  8 statues
  18 orc knights
  A wolf spider (shapeshifter) (D:13)
  An iron dragon skeleton (Depths:1)
  A salamander (Depths:2)
  25 ugly things
  7 cyclopes
  16 fauns
  20 manticores
  2 fauns (shapeshifter)
  3 orc sorcerers
  4 rust devils
  A human zombie (Vaults:2)
  9 moths of wrath
  2 human skeletons
  13 elephants
  10 shining eyes
  5 fire giant skeletons (Crypt:3)
  5 eyes of devastation
  4 guardian serpents (Desolation)
  9 merfolk sirens
  A dire elephant zombie (Crypt:2)
  12 torpor snails
  A titan simulacrum (Depths:2)
  5 water nymphs
  12 vault sentinels
  Joseph (D:7)
  3 smoke demons
  4 black mambas
  2 molten gargoyles
  3 centaur skeletons (Crypt:3)
  A water nymph (shapeshifter) (Depths:3)
  An orange demon (Lair:3)
  5 gargoyles
  17 cane toads
  2 unseen horrors
  4 rime drakes
  2 dire elephant skeletons (Crypt:3)
  A pale draconian zombie (Crypt:2)
  3 kobold demonologists
  Psyche (D:10)
  An efreet (D:13)
  39 yaktaurs
  A komodo dragon (shapeshifter) (D:14)
  17 komodo dragons
  A grey draconian zombie (Crypt:2)
  A bunyip simulacrum (Hell)
  A minotaur zombie (Gauntlet)
  5 freezing wraiths
  A mana viper zombie (Crypt:2)
  2 ice devils
  6 tengu conjurers
  The ghost of TheCrane the Digger, a novice GrEE of Vehumet (D:6)
  2 golden dragon simulacra (Depths:2)
  A silent spectre (Crypt:1)
  3 guardian mummies (Crypt:3)
  12 trolls
  A grey draconian skeleton (Crypt:1)
  A harpy zombie (Crypt:1)
  2 polar bears (Lair:5)
  23 merfolk
  A queen bee (shapeshifter) (Elf:3)
  A merfolk (shapeshifter) (Vaults:5)
  A shadow dragon simulacrum (Depths:2)
  2 meliai
  19 blink frogs
  23 tarantellas
  4 tyrant leeches (Lair:5)
  2 ettin zombies
  A death drake skeleton (Crypt:1)
  A tarantella (shapeshifter) (Depths:3)
  A hornet (shapeshifter) (D:13)
  2 tengu simulacra (Depths:2)
  5 wind drakes
  7 harpy skeletons
  10 hornets
  54 saltlings (Desolation)
  18 dream sheep
  10 snapping turtles
  5 glass eyes
  A black mamba zombie (Crypt:2)
  33 jumping spiders
  A centaur simulacrum (Gauntlet)
  4 flying skulls (Crypt:1)
  11 fire dragon skeletons (Crypt:3)
  81 slime creatures
  2 air elementals (Elf:1)
  A satyr skeleton (Crypt:1)
  5 shadows
  9 wraiths
  4 wyverns
  4 vampires
  13 water elementals
  8 basilisks
  44 yaks
  23 culicivoras
  4 hogs (D:12)
  A steam dragon (Lair:5)
  17 golden eyes
  65 redbacks
  A naga zombie (Crypt:1)
  10 vampire mosquitoes
  2 large abominations (Elf:1)
  18 water moccasins
  4 wargs
  2 acid dragons
  An entropy weaver zombie (Crypt:2)
  Duvessa (D:6)
  43 orc warriors
  5 sky beasts
  2 swamp drakes (Lair:5)
  An ice beast (D:8)
  A manticore zombie (Crypt:1)
  8 ogres
  3 black bears
  15 wolves
  14 centaurs
  6 boggarts
  2 lemures (D:6)
  7 kobold brigands
  3 phantoms
  A bullfrog (shapeshifter) (Vaults:5)
  A draconian zombie (Crypt:1)
  9 bullfrogs
  5 elf zombies
  3 gnoll sergeants
  2 necrophages (Crypt:2)
  A komodo dragon skeleton (Crypt:2)
  3 scorpions
  5 earth elementals
  Dowan (D:6)
  A yak zombie (Crypt:1)
  12 killer bees
  6 electric eels
  3 howler monkeys
  35 orc priests
  3 hounds
  Crazy Yiuf (D:2)
  A wyvern simulacrum (Gauntlet)
  2 jellies
  8 iguanas
  Jessica (D:2)
  24 orc wizards
  An ogre skeleton (Crypt:1)
  A boggart simulacrum (Gauntlet)
  10 mummies
  11 gnolls
  A howler monkey skeleton (Crypt:1)
  13 adders
  A shadow imp (D:8)
  4 white imps
  2 ufetubi (D:6)
  An iguana skeleton (Crypt:2)
  4 worms
  2 dart slugs
  88 orcs
  5 endoplasms
  3 giant cockroaches
  7 goblins
  8 hobgoblins
  6 jackals
  25 kobolds
  3 quokkas
  3 training dummies (Shoals:3)
  5 ball pythons
  15 bats
  4 frilled lizards
  3 rats
  A spectral weapon (Spider:4)
2410 creatures vanquished.

Vanquished Creatures (collateral kills)
  A draconian annihilator (Zot:3)
  A yellow draconian (Zot:3)
  A slime creature (Slime:5)
3 creatures vanquished.

Vanquished Creatures (others)
  A yellow draconian (Zot:2)
  A peacekeeper (Desolation)
  A deep elf zephyrmancer (Elf:1)
  A deep elf pyromancer (D:13)
  A wolf spider (Spider:4)
  A tarantella (Spider:4)
  A human (Crypt:1)
  A kobold (D:4)
8 creatures vanquished.

Grand Total: 2421 creatures vanquished

Notes
Turn   | Place    | Note
-------+----------+-------------------------------------------
     0 | D:1      | Morbidden the Troll Shapeshifter began the quest for the
                  | Orb.
     0 | D:1      | Reached XP level 1. HP: 18/18 MP: 0/0
    72 | D:1      | Reached XP level 2. HP: 26/26 MP: 1/1
   190 | D:1      | Reached skill level 1 in Fighting
   628 | D:1      | Reached XP level 3. HP: 30/33 MP: 2/2
   857 | D:2      | Noticed Jessica
   867 | D:2      | Killed Jessica
   909 | D:2      | Reached XP level 4. HP: 41/41 MP: 3/3
  1021 | D:2      | Reached skill level 4 in Unarmed Combat
  1531 | D:2      | Found a runed translucent door.
  1532 | D:2      | Noticed Crazy Yiuf
  1537 | D:2      | Killed Crazy Yiuf
  1538 | D:2      | Reached skill level 1 in Throwing
  1538 | D:2      | Reached XP level 5. HP: 43/48 MP: 4/4
  1860 | D:3      | Found a blossoming altar of Fedhas.
  1999 | D:3      | Found an ornate altar of the Wu Jian Council.
  2215 | D:3      | Identified the +1 cloak of Ycvan {rElec rPois Str-2 Dex+4
                  | Slay+4}
  2685 | D:3      | Found an iron altar of Okawaru.
  2763 | D:4      | Found a burning altar of Makhleb.
  2825 | D:4      | Found a white marble altar of Elyvilon.
  2825 | D:4      | Noticed a black bear
  2847 | D:4      | Killed a black bear
  2848 | D:4      | Reached skill level 5 in Unarmed Combat
  2848 | D:4      | Reached XP level 6. HP: 57/57 MP: 5/5
  2956 | D:4      | Found a staircase to the Ecumenical Temple.
  2989 | Temple   | Entered the Ecumenical Temple
  3006 | Temple   | Became a worshipper of Cheibriados the Contemplative
  3122 | D:4      | Found a glowing silver altar of Zin.
  3233 | D:4      | Noticed a +0 short sword
  3234 | D:4      | Noticed a +0 short sword
  3234 | D:4      | Noticed a +0 falchion
  3234 | D:4      | Noticed a +0 spear
  3234 | D:4      | Noticed a +0 dagger
  3235 | D:4      | Noticed a +0 falchion
  3262 | D:4      | Noticed a +0 spear
  3264 | D:4      | Noticed a +0 dagger
  3275 | D:4      | Found a hide-covered altar of Uskayaw.
  3391 | D:5      | Entered Level 5 of the Dungeon
  3394 | D:5      | Identified 2 scrolls of acquirement
  3395 | D:5      | Acquired 1289 gold pieces
  3397 | D:5      | Acquired 861 gold pieces
  3424 | D:5      | Noticed a hornet
  3429 | D:5      | Killed a hornet
  3430 | D:5      | Reached skill level 6 in Unarmed Combat
  3430 | D:5      | Reached skill level 1 in Invocations
  3430 | D:5      | Reached XP level 7. HP: 40/65 MP: 6/6
  3553 | D:5      | You fall into a shaft and drop 2 floors!
  3568 | D:7      | Noticed Joseph
  3596 | D:8      | Reached * piety under Cheibriados
  3765 | D:8      | Reached skill level 7 in Unarmed Combat
  3765 | D:8      | Reached XP level 8. HP: 61/74 MP: 8/8
  3815 | D:8      | Reached skill level 1 in Stealth
  3815 | D:8      | Reached skill level 8 in Unarmed Combat
  3823 | D:8      | Reached XP level 9. HP: 52/80 MP: 9/9
  3877 | D:8      | Found a staircase to the Lair.
  3940 | D:7      | Reached ** piety under Cheibriados
  3982 | D:5      | Found a runed translucent gate.
  3982 | D:5      | Found a runed translucent gate.
  3982 | D:5      | Found a runed translucent gate.
  3986 | D:5      | Reached skill level 5 in Shapeshifting
  4026 | D:5      | Reached skill level 9 in Unarmed Combat
  4423 | D:5      | Noticed haldagan's ghost (amateur OpSh)
  4425 | D:5      | Identified the +3 whip "Jelly's Bane" {chaos, *Slow Str+4
                  | Int+5}
  4540 | D:6      | Noticed Duvessa
  4552 | D:6      | Killed Duvessa
  4553 | D:6      | Reached skill level 1 in Shields
  4555 | D:6      | Noticed Dowan
  4557 | D:6      | Killed Dowan
  4721 | D:6      | Reached skill level 10 in Unarmed Combat
  4752 | D:6      | Found a large runed translucent door.
  4752 | D:6      | Found a large runed translucent door.
  4753 | D:6      | Noticed TheCrane's ghost (novice GrEE)
  4818 | D:6      | Reached *** piety under Cheibriados
  5033 | D:6      | Noticed Pikel
  5040 | D:6      | Killed Pikel
  5041 | D:6      | Reached XP level 10. HP: 88/91 MP: 11/11
  5219 | D:6      | Killed TheCrane's ghost
  5241 | D:7      | Acquired the +2 hat of the Bear Spirit {Spirit, Bear, *Rage
                  | Will++}
  5241 | D:7      | Found the +2 hat of the Bear Spirit {Spirit, Bear, *Rage
                  | Will++}
  5302 | D:7      | Killed Joseph
  5486 | D:7      | Acquired a manual of Unarmed Combat
  5548 | D:7      | Found a shadowy altar of Dithmenos.
  5862 | D:8      | Reached skill level 11 in Unarmed Combat
  6116 | D:8      | Found a broken altar of Ashenzari.
  6396 | D:8      | Reached **** piety under Cheibriados
  6456 | D:8      | Reached skill level 1 in Evocations
  6707 | D:9      | Reached skill level 12 in Unarmed Combat
  6707 | D:9      | Reached ***** piety under Cheibriados
  7046 | D:9      | Found a staircase to the Orcish Mines.
  7051 | D:9      | Reached skill level 5 in Dodging
  7136 | D:9      | Reached XP level 11. HP: 84/100 MP: 10/13
  7564 | D:9      | Found a glowing golden altar of the Shining One.
  7664 | D:10     | Entered Level 10 of the Dungeon
  7756 | D:10     | Reached skill level 13 in Unarmed Combat
  7792 | D:10     | Found Qanatat's General Store.
  7795 | D:10     | Noticed Sonja
  7808 | D:10     | Killed Sonja
  8035 | D:10     | Reached skill level 1 in Armour
  8235 | D:10     | Noticed Psyche
  8241 | D:10     | Killed Psyche
  8347 | D:10     | Noticed an archer statue
  8353 | D:10     | Noticed an archer statue
  8369 | D:10     | Found a radiant altar of Vehumet.
  8411 | D:10     | Found an ancient bone altar of Kikubaaqudgha.
  8592 | D:10     | Noticed Gastronok
  8600 | D:10     | Killed Gastronok
  8601 | D:10     | Reached skill level 14 in Unarmed Combat
  8784 | Lair:1   | Entered Level 1 of the Lair of Beasts
  8830 | Lair:1   | Reached skill level 5 in Throwing
  9705 | Lair:2   | Reached XP level 12. HP: 109/109 MP: 14/14
  9720 | Lair:2   | Reached skill level 15 in Unarmed Combat
  9749 | Lair:2   | Found a runed translucent gate.
  9749 | Lair:2   | Found a runed translucent gate.
  9749 | Lair:2   | Found a runed translucent gate.
  9749 | Lair:2   | Found a viscous altar of Jiyva.
  9749 | Lair:2   | Noticed Jannitor's ghost (journeyman GnGl)
  9764 | Lair:2   | Reached ****** piety under Cheibriados
  9898 | Lair:2   | Found a staircase to the Shoals.
 10439 | Lair:3   | Noticed Amaemon
 10441 | Lair:3   | Reached skill level 5 in Invocations
 10443 | Lair:3   | Reached skill level 5 in Fighting
 10452 | Lair:3   | Killed Amaemon
 10454 | Lair:3   | Reached skill level 16 in Unarmed Combat
 10519 | Lair:3   | Found a transporter.
 10520 | Lair:3   | Found a transporter.
 10521 | Lair:3   | Noticed a boulder beetle
 10521 | Lair:3   | Noticed a boulder beetle
 10821 | Lair:3   | Found a hole to the Spider Nest.
 11570 | Lair:4   | Reached XP level 13. HP: 117/119 MP: 16/16
 12011 | Lair:4   | Reached skill level 17 in Unarmed Combat
 12684 | Lair:4   | Noticed Nessos
 12689 | Lair:4   | Killed Nessos
 13101 | Lair:5   | Entered Level 5 of the Lair of Beasts
 13853 | Lair:5   | Noticed a fire dragon
 13958 | Lair:5   | Reached XP level 14. HP: 130/130 MP: 15/17
 14103 | Lair:5   | Identified the +6 fire dragon scales of Weightlessness
                  | {rElec rF++ rC- Will+ Str-2}
 14415 | Lair:5   | Found a viscous altar of Jiyva.
 14416 | Lair:5   | Found a staircase to the Slime Pits.
 14475 | Lair:5   | Reached skill level 5 in Evocations
 14653 | Lair:5   | Found a runed translucent door.
 14976 | Lair:5   | Reached skill level 18 in Unarmed Combat
 16021 | D:12     | Noticed Kirke
 16027 | D:12     | Killed Kirke
 16035 | D:12     | Found a gate leading to a gauntlet.
 16052 | Gauntlet | Entered a Gauntlet
 16052 | Gauntlet | Found a transporter.
 16064 | Gauntlet | Found a transporter.
 16065 | Gauntlet | Found a transporter.
 16073 | Gauntlet | Found a transporter.
 16076 | Gauntlet | Found a transporter.
 16078 | Gauntlet | Found a transporter.
 16081 | Gauntlet | Found a runed translucent door.
 16083 | Gauntlet | Found a runed translucent door.
 16085 | Gauntlet | Found a transporter.
 16088 | Gauntlet | Found a transporter.
 16089 | Gauntlet | Found a transporter.
 16100 | Gauntlet | Found a transporter.
 16100 | Gauntlet | Found a transporter.
 16101 | Gauntlet | Found a transporter.
 16117 | Gauntlet | Found a transporter.
 16169 | Gauntlet | Found a transporter.
 16298 | Gauntlet | Identified the ring "Qoich" {Will+ Dex+3}
 16354 | Gauntlet | Identified the amulet "Poletoma" {rF+ rN+ Regen+ Int+2
                  | Dex-2}
 16395 | Gauntlet | Identified the ring "Xihit" {rF+ Dex+5}
 16429 | D:12     | Noticed Nergalle
 16436 | D:12     | Killed Nergalle
 16596 | D:12     | Found the +2 pair of slick slippers {slick, slippery, EV+4}
 16675 | D:12     | Noticed Frances
 16681 | D:12     | Killed Frances
 16734 | D:12     | Found an ornate altar of the Wu Jian Council.
 17500 | D:13     | Reached XP level 15. HP: 132/140 MP: 17/19
 17728 | D:13     | Found a gate to the Vaults.
 18643 | D:14     | Noticed Snorg
 18648 | D:14     | Killed Snorg
 18840 | D:15     | Entered Level 15 of the Dungeon
 18843 | D:15     | Found a runed translucent door.
 18845 | D:15     | Noticed Zlot's ghost (journeyman DsBe)
 19073 | D:15     | Identified the +7 war axe "Wuesir" {heavy, rElec rCorr}
 19305 | D:15     | Found Lampinomm's Tremendous Tomes.
 19487 | D:15     | Found a staircase to the Depths.
 19797 | Orc:1    | Entered Level 1 of the Orcish Mines
 19948 | Orc:1    | Reached skill level 19 in Unarmed Combat
 20025 | Orc:1    | Found a runed translucent door.
 20029 | Orc:1    | Noticed BinkBink's ghost (journeyman MiFi)
 20252 | Orc:1    | Killed BinkBink's ghost
 20288 | Orc:2    | Entered Level 2 of the Orcish Mines
 20288 | Orc:2    | Found a staircase to the Elven Halls.
 21430 | Orc:2    | Found Tuiko's Distillery.
 21433 | Orc:2    | Found Zonepen's Jewellery Emporium.
 21434 | Orc:2    | Found Fiajeit's Magic Scroll Shoppe.
 21435 | Orc:2    | Found Hukiuteo's Antique Weapon Shoppe.
 21438 | Orc:2    | Bought 3 scrolls of teleportation for 144 gold pieces
 21439 | Orc:2    | Bought the amulet of Vitality {RegenMP++ Regen++} for 1400
                  | gold pieces
 21439 | Orc:2    | Found the amulet of Vitality {RegenMP++ Regen++}
 21656 | Spider:1 | Entered Level 1 of the Spider Nest
 21693 | Spider:1 | Reached XP level 16. HP: 150/150 MP: 15/20
 21854 | Spider:1 | Reached skill level 10 in Shapeshifting
 21903 | Spider:1 | Noticed Roxanne
 21920 | Spider:1 | Killed Roxanne
 22824 | Spider:2 | Reached skill level 20 in Unarmed Combat
 24798 | Spider:3 | Reached XP level 17. HP: 160/160 MP: 22/22
 25212 | Spider:4 | Identified the "Uwatoq"
 25212 | Spider:4 | Entered Level 4 of the Spider Nest
 25303 | Spider:4 | Noticed Bai Suzhen
 25411 | Spider:4 | Killed Bai Suzhen
 25675 | Shoals:1 | Entered Level 1 of the Shoals
 25675 | Shoals:1 | Noticed Jorgrun
 25832 | Lair:2   | Killed Jorgrun
 27004 | Shoals:2 | Reached skill level 10 in Throwing
 27024 | Shoals:2 | Noticed Donald
 27039 | Shoals:2 | Killed Donald
 27167 | Shoals:2 | Found a transporter.
 27168 | Shoals:2 | Noticed Ilsuiw
 27198 | Shoals:2 | Killed Ilsuiw
 27203 | Shoals:2 | Reached skill level 10 in Dodging
 27263 | Shoals:2 | Found the +0 mask of the Dragon {Will+ Slay+3 SInv}
 27264 | Shoals:2 | Found a transporter.
 27374 | Shoals:2 | Found Kizicaoch's Overcharged Wands.
 27385 | Shoals:2 | Bought a wand of roots (18) for 648 gold pieces
 27385 | Shoals:2 | Bought a wand of digging (11) for 693 gold pieces
 27385 | Shoals:2 | Bought a wand of light (18) for 1134 gold pieces
 27971 | Shoals:3 | Reached XP level 18. HP: 95/171 MP: 14/23
 27982 | Shoals:3 | Reached skill level 5 in Armour
 28127 | Shoals:3 | Found Xarcheun's Firing Range.
 28150 | Shoals:3 | Bought 2 boomerangs for 52 gold pieces
 28150 | Shoals:3 | Bought 4 boomerangs for 104 gold pieces
 28150 | Shoals:3 | Bought a +1 hand cannon of flaming for 172 gold pieces
 28558 | Shoals:4 | Entered Level 4 of the Shoals
 28743 | Shoals:4 | Reached skill level 5 in Shields
 28924 | Shoals:4 | Identified the staff of Fate {rCorr Dex-4 Earth Poison}
 28926 | Shoals:4 | Identified the +4 chain mail of the Skies Above {Harm rElec
                  | Will- Dex+8}
 29077 | Shoals:4 | Got a barnacled rune of Zot
 29156 | Shoals:4 | Identified the +0 shortbow "Makif" {drain, Will+}
 29372 | Desolati | Identified the "Egiamm"
 29372 | Desolati | Identified the "Xoinlej"
 29372 | Desolati | Identified the of Cecvil
 29372 | Desolati | Identified the "Xiok"
 29372 | Crypt:3  | Identified the of Tezos
 29372 | Crypt:3  | Identified the "Nid Enk"
 29372 | Elf:1    | Identified the "Oluylul"
 29372 | Elf:1    | Identified the of Bucoj
 29372 | Elf:1    | Entered Level 1 of the Elven Halls
 29454 | Elf:1    | Identified the +8 war axe of Infinity {spect, Stlth+}
 29470 | Elf:1    | You fall into a shaft and drop 1 floor!
 29609 | Elf:2    | Noticed Agnes
 29614 | Elf:2    | Killed Agnes
 29766 | Elf:2    | Reached skill level 10 in Fighting
 29801 | Elf:1    | Paralysed by an air elemental for 1 turns
 30858 | Elf:2    | Identified the +9 long sword "Ytikh" {freeze, SInv}
 30876 | Elf:2    | Identified the +1 battleaxe "Itufohie" {heavy, Dex+3}
 30877 | Elf:2    | Identified the +7 mace of Exquisite Death {elec, rC+}
 30883 | Elf:2    | Found a huge runed translucent gate.
 30883 | Elf:2    | Found a huge runed translucent gate.
 30883 | Elf:2    | Found a huge runed translucent gate.
 30883 | Elf:2    | Found a huge runed translucent gate.
 30889 | Elf:2    | Found a huge runed translucent gate.
 30995 | Elf:2    | Found Noyt's One-of-a-Kind Books.
 31214 | Elf:3    | Identified the "Cammuqod"
 31214 | Elf:3    | Entered Level 3 of the Elven Halls
 31483 | Elf:3    | Reached XP level 19. HP: 183/183 MP: 25/25
 31497 | Elf:3    | Noticed a Brimstone Fiend
 31991 | Vaults:1 | Entered Level 1 of the Vaults
 32004 | Vaults:1 | Noticed Asterion
 32014 | Vaults:1 | Identified the +3 morningstar of the Wolf {flame, +Blink
                  | Will- MP+9 SInv}
 32154 | Vaults:1 | Found a crumbling gateway.
 32171 | Desolati | Entered the Desolation of Salt
 32293 | Desolati | Identified the +0 crystal plate armour of the Ward {+Inv
                  | rPois rC- rN++}
 32394 | Desolati | Identified the ring "Cayv" {rC- MP+9 Str+2 Int+3}
 32734 | Desolati | Identified the +0 robe of Usaifiuz {rN++ Regen+}
 32911 | Desolati | Identified the +0 pair of boots of Noxious the Good {rElec
                  | rF+ rC+}
 32950 | Desolati | Identified the ring of the Ant {rN++ Int-3 SInv}
 33082 | Desolati | Identified the +2 robe "Heudir" {rC++ Str-2}
 33503 | Vaults:1 | Found a transporter.
 33505 | Vaults:1 | Noticed an ancient lich
 33556 | Vaults:1 | Found a transporter.
 33700 | Vaults:1 | Reached skill level 21 in Unarmed Combat
 33726 | Vaults:1 | Killed Asterion
 33901 | Vaults:1 | Reached skill level 10 in Invocations
 34192 | Vaults:1 | Reached XP level 20. HP: 195/195 MP: 26/26
 34603 | Vaults:2 | Noticed Margery
 34616 | Vaults:2 | Killed Margery
 35277 | Vaults:2 | Noticed Saint Roka
 35294 | Vaults:2 | Killed Saint Roka
 35721 | Vaults:2 | Found a staircase to the Crypt.
 35888 | Vaults:3 | Noticed Mennas
 35899 | Vaults:3 | Killed Mennas
 35905 | Vaults:3 | Identified the +9 plate armour of Amelioration {rPois}
 35969 | Vaults:3 | Found Zastel's Jewellery Emporium.
 36183 | Vaults:3 | Reached XP level 21. HP: 204/204 MP: 28/28
 37932 | Vaults:3 | Found Zastel's Jewellery Emporium.
 40050 | Spider:4 | Got a gossamer rune of Zot
 41113 | Elf:3    | Identified the +5 mace "Baseuk" {flame, rPois Str+3}
 41126 | Elf:3    | Reached skill level 22 in Unarmed Combat
 41128 | Elf:3    | Identified the amulet "Lothrez" {rElec Regen+ rCorr Str+3}
 41268 | Elf:3    | HP: 8/227 [deep elf elementalist/Lee's Rapid Deconstruction
                  | (40)]
 41268 | Elf:3    | HP: 1/227 [smoke demon/divine providence[a deep elf
                  | demonologist] (7)]
 41849 | Elf:3    | Identified the flux talisman "Ytam" {rC+ rCorr Str+3}
 41853 | Elf:3    | Identified the +3 scale mail of Ifuem {rC+}
 42222 | Crypt:1  | Entered Level 1 of the Crypt
 42345 | Crypt:1  | Reached XP level 22. HP: 208/208 MP: 29/29
 42591 | Crypt:1  | Found a runed door.
 42613 | Crypt:1  | Noticed a dread lich
 42764 | Crypt:1  | Identified the +9 glaive "Vigor" {freeze, rPois}
 42844 | Crypt:1  | Killed a dread lich
 42845 | Crypt:1  | Identified the amulet of Megua {Faith +Blink rF+}
 42870 | Crypt:1  | Identified the amulet of Gosotear {Spirit -Cast +Inv Str+3
                  | Dex+4}
 42888 | Crypt:1  | Identified the +6 orcbow "Lacwuo Owit" {freeze, rElec}
 42892 | Crypt:1  | Acquired 802 gold pieces
 43866 | Crypt:2  | Noticed a royal mummy
 43868 | Crypt:2  | Noticed Khufu
 43874 | Crypt:2  | Killed a royal mummy
 43881 | Crypt:2  | Noticed Frederick
 43884 | Crypt:2  | Killed Khufu
 43885 | Crypt:2  | Killed Frederick
 44169 | Crypt:2  | Reached skill level 15 in Shapeshifting
 44589 | Crypt:2  | Noticed Xtahua
 44594 | Crypt:2  | Killed Xtahua
 44805 | Crypt:3  | Entered Level 3 of the Crypt
 44863 | Crypt:3  | Found a staircase to the Tomb.
 44989 | Crypt:3  | Found the +5 scythe "Finisher" {speed, execute}
 45030 | Crypt:3  | Identified the +5 mace of Equilibrium {vamp, rElec Str+2
                  | Dex-3 Stlth+}
 45544 | Crypt:3  | Identified the +3 cloak of Fashionability {rC+}
 45867 | Crypt:3  | Identified the ring "Maycis" {Drain rPois rN+ Dex+8 Stlth-}
 45867 | Crypt:3  | Identified the ring of Tension {rN+ Will+ Int+3}
 45971 | Crypt:3  | Noticed an ancient lich
 45976 | Crypt:3  | Killed an ancient lich
 46106 | Crypt:3  | Found an ancient bone altar of Kikubaaqudgha.
 46108 | Crypt:3  | Noticed an ancient lich
 46114 | Crypt:3  | Killed an ancient lich
 46118 | Crypt:3  | Reached XP level 23. HP: 224/224 MP: 31/31
 46148 | Crypt:3  | Noticed a dread lich
 46154 | Crypt:3  | Killed a dread lich
 46559 | Depths:1 | Entered Level 1 of the Depths
 46629 | Depths:1 | Identified the +9 long sword of Ziqaapuy {vamp, rF- rC+
                  | Str+5}
 46786 | Depths:1 | You fall into a shaft and drop 1 floor!
 46859 | Depths:2 | Found a one-way gate leading to the halls of Pandemonium.
 46875 | Depths:2 | Found a runed translucent gate.
 46876 | Depths:2 | Found a runed translucent gate.
 46877 | Depths:2 | Found a runed translucent gate.
 46920 | Depths:2 | Noticed dertzug's ghost (adept MiFi)
 46936 | Depths:2 | Killed dertzug's ghost
 46937 | Depths:2 | Reached skill level 10 in Evocations
 47049 | Depths:2 | Found a one-way gateway to a ziggurat.
 47123 | Depths:2 | Found a one-way gate to the infinite horrors of the Abyss.
 47132 | Depths:2 | Found a gateway to Hell.
 47203 | Depths:2 | Found a portal to a secret trove of treasure.
 47246 | Depths:2 | You paid a toll of 3 potions of resistance to enter a
                  | treasure trove
 47247 | Trove    | Entered a treasure trove
 47324 | Depths:2 | Found a blossoming altar of Fedhas.
 47640 | Depths:2 | Found a radiant altar of Vehumet.
 47640 | Depths:2 | Noticed Boris
 47650 | Depths:2 | Killed Boris
 47653 | Depths:2 | Identified the +1 war axe "Urchiegg" {drain, rElec rN+
                  | Int-4}
 48787 | Depths:3 | Reached skill level 15 in Dodging
 48903 | Depths:3 | Noticed a caustic shrike
 48904 | Depths:3 | Noticed a caustic shrike
 48908 | Depths:3 | Killed a caustic shrike
 48909 | Depths:3 | Killed a caustic shrike
 48937 | Depths:3 | Found the +10 zealot's sword {holy, Zealotry, *Rage rN+
                  | EV+3}
 48942 | Depths:3 | Identified the +9 battleaxe "Rota Egh" {freeze, Str+7
                  | Dex+3}
 48978 | Depths:3 | Identified the +3 plate armour of the Tsukumogami {rF+ rN+
                  | Dex+3 Slay-5}
 49173 | Depths:3 | Reached XP level 24. HP: 236/236 MP: 31/31
 49287 | Depths:3 | Identified the +2 chain mail "Mios" {rPois Dex+5}
 49521 | Depths:3 | Reached skill level 23 in Unarmed Combat
 49848 | Depths:4 | Entered Level 4 of the Depths
 50101 | Depths:4 | Found a gate to the Realm of Zot.
 51027 | Hell     | Entered the Vestibule of Hell
 51027 | Hell     | Noticed Geryon
 51050 | Depths:4 | Reached skill level 15 in Throwing
 51171 | Hell     | Reached skill level 10 in Shields
 51924 | Vaults:5 | Entered Level 5 of the Vaults
 51927 | Vaults:5 | Noticed a dread lich
 52107 | Vaults:4 | Killed a dread lich
 52521 | Vaults:5 | Acquired the +27 heavy crossbow "Sniper" {heavy, Acc+∞
                  | SInv}
 52521 | Vaults:5 | Found the +27 heavy crossbow "Sniper" {heavy, Acc+∞ SInv}
 52726 | Vaults:5 | Reached skill level 1 in Ranged Weapons
 52822 | Vaults:5 | Got a silver rune of Zot
 52909 | Vaults:5 | Identified the ring of Susiecag {rElec rPois rC+ Int+6}
 52939 | Vaults:5 | Identified the +2 ring mail of the Chupacabra {MP+9 Str+9
                  | Int-3 Stlth+}
 52949 | Vaults:5 | Noticed a dread lich
 52953 | Vaults:5 | Killed a dread lich
 52971 | Vaults:5 | Noticed a dread lich
 52975 | Vaults:5 | Killed a dread lich
 52977 | Vaults:5 | Reached XP level 25. HP: 247/247 MP: 31/31
 54104 | Orc:2    | Bought a ring of resist corrosion for 280 gold pieces
 54329 | Zot:4    | Identified the of Tiasoa
 54329 | Slime:1  | Entered Level 1 of the Pits of Slime
 54707 | Slime:2  | Gained mutation: You are frail. (-10% HP) [a shining eye]
 54727 | Slime:5  | Entered Level 5 of the Pits of Slime
 54819 | Slime:5  | Noticed the Royal Jelly
 55096 | Slime:5  | Killed the Royal Jelly
 55368 | Slime:5  | Identified the +7 demon trident "Cocoema" {venom, Will+}
 55371 | Slime:5  | Identified the +0 leather armour of Discretion {-Cast Harm
                  | rC+ Stlth+}
 55407 | Slime:5  | Identified the +8 broad axe "Xaphegin" {vamp, Fly Will+
                  | Dex-3}
 55436 | Slime:5  | Found the +5 robe of Night {Dark Will+ SInv}
 55438 | Slime:5  | Found the +3 robe of Clouds {*Thunder rCloud rElec}
 55477 | Slime:5  | Got a slimy rune of Zot
 55490 | Slime:5  | Found the +3 Elemental Staff {ele, rElec rF+ rC+ AC+3}
 55520 | Slime:5  | Identified the +1 sling of Uskayaw's Envy {flame, rPois
                  | rN++ MP-9 SInv}
 56942 | Lair:5   | Lost mutation: You are frail. (-10% HP) [potion of
                  | mutation]
 56942 | Lair:5   | Gained mutation: You are clumsy. (Dex -2) [potion of
                  | mutation]
 56942 | Lair:5   | Gained mutation: You are somewhat resistant to further
                  | mutation. [potion of mutation]
 56942 | Lair:5   | Gained mutation: You have an increased reservoir of magic.
                  | (+10% MP) [potion of mutation]
 56949 | Lair:5   | Upgraded the game from 0.31-a0-960-g0fca184906 to
                  | 0.31-a0-963-ga325b2283a
 57517 | Zot:1    | Entered Level 1 of the Realm of Zot
 58322 | Zot:1    | Reached skill level 24 in Unarmed Combat
 58599 | Zot:2    | Reached XP level 26. HP: 249/260 MP: 0/34
 59252 | Zot:2    | Identified the +2 mace "Wevacrig" {freeze, Fly Int+2}
 59325 | Zot:3    | Noticed a dread lich
 59329 | Zot:3    | HP: 12/338 [white draconian/blast of cold (34)]
 59330 | Zot:3    | Killed from afar by a yellow draconian

Illustrated notes

Levels and vault maps discovered:
D:1:      ncdulo_lavacross, layout_basic
D:2:      layout_basic, minmay_fractal_squares_gapless_5, uniq_jessica,
          uniq_crazy_yiuf_cottage
D:3:      layout_loops_corners, nicolae_overflow_crystal_walls,
          lemuel_crystal_altar, hellmonk_okawaru_the_only_friend_you_need,
          nrook_uturn
D:4:      layout_cave_pools, mainiacjoe_overflow_chevrons, zin_treasury,
          nicolae_uskayaw_en_pointe, marbit_many_paths,
          minmay_temple_entry_arrows, chequers_garden, kennysheep_generic_room_7
D:5:      layout_basic, biasface_ghost_orc_armoury, minmay_manual_mares
D:6:      layout_basic, ebering_ghost_disaster_area, serial_bayou_lagoon_a,
          uniq_pikel, uniq_duvessa
D:7:      layout_basic, grunt_dithmenos_shadows, uniq_joseph
D:8:      layout_basic, nicolae_overflow_hidden_temple, minmay_lair_entry_grove,
          roderic_batcave
D:9:      layout_irregular_city, nicolae_tso_swordbearing_angel,
          kennysheep_orc_monster_closet_entryway
D:10:     layout_roguey, mainiacjoe_overflow_alcove_2,
          mainiacjoe_overflow_paths, serial_shops,
          nicolae_shop_pleasant_corner_grove, minmay_dual_archer_statues,
          uniq_gastronok, uniq_psyche, uniq_sonja
D:11:     layout_roguey, nicolae_wwwww
D:12:     layout_basic, gauntlet_entry_generic, nzn_wu_jian_contemplation,
          uniq_kirke, uniq_frances, uniq_nergalle
D:13:     layout_irregular_city, david_vaults_5, minmay_misc_feat_encased,
          st_stairs_8
D:14:     layout_long_grid, amcnicky_mini_pool_small, uniq_snorg
D:15:     grunt_enter_depths_hoard, layout_irregular_city,
          minmay_misc_feat_four_crosses, gammafunk_ghost_grave,
          nicolae_shop_i_like_big_books, minivault_24
Temple:   zaba_magenta_temple
Lair:1:   layout_roguey, infiniplex_staircase_pool_2, serial_bayou_shore_a
Lair:2:   layout_regular_city, elwin_shoals_entry_stream, gammafunk_ghost_ooze
Lair:3:   gammafunk_boulding_lane, layout_misc_corridors,
          hellmonk_spider_entry_not_the_bees, uniq_amaemon
Lair:4:   nzn_winding_woodlands_three_and_one [nzn_winding_woodlands_5x15_pool,
          nzn_winding_woodlands_5x15_pockets,
          nzn_winding_woodlands_5x15_concentric,
          nzn_winding_woodlands_center_lodge], layout_layer_cave,
          infiniplex_staircase_pool, uniq_nessos
Lair:5:   guppyfry_lair_end_dragon, layout_hall_layers, wormcave, slime_entry_1,
          pdpol_lair_cavern_descent, grunt_megastairs_4
Shoals:1: layout_shoals, uniq_jorgrun
Shoals:2: gammafunk_sealed_arena, layout_shoals, nicolae_shop_overcharged_wands,
          uniq_donald, uniq_ilsuiw
Shoals:3: layout_shoals, nicolae_shop_firing_range
Shoals:4: shoals_end_hellmonk_lost_city, serial_shops
Spider:1: layout_spider_delve, uniq_roxanne
Spider:2: spider_temple_joshua, hangedman_spider_tarantella_strand
Spider:3: layout_chambers, nicolae_spider_rock_and_or_roll
Spider:4: grunt_spider_rune_island, uniq_bai_suzhen
Slime:1:  layout_caves
Slime:2:  layout_caves, cheibrodos_slime_lost_civilization_5
Slime:3:  layout_caves, nicolae_slime_getting_an_eyeful
Slime:4:  layout_caves
Slime:5:  slime_pit_nicolae_block_by_block
Orc:1:    layout_caves, ebering_ghost_reflecting_pool
Orc:2:    st_orc_pillars, layout_caves, nicolae_orc_tapped_out
Elf:1:    minmay_elf_arrival_summoners, layout_loops_corners,
          minmay_elf_necromancy
Elf:2:    elven_hall_of_blades_hangedman_alternative
          [mumra_blade_entry_bloodbath], layout_onion_city,
          roderic_nine_men_s_morris, nicolae_rare_books, uniq_agnes
Elf:3:    minmay_elf_hall_four_x, layout_geoelf_diagonals, nicolae_elf_v_pinch,
          nicolae_elf_stair_hall
Vaults:1: portal_desolation_entry_garden, nicolae_vaults_octothorpe,
          nicolae_vaults_prndl, hangedman_vaults_impose, nicolae_vaults_house_3,
          ontoclasm_vaults_spin, nicolae_vaults_circle_grid_b,
          hangedman_vaults_stitches, v_pattern_5, hangedman_vaults_maws,
          nicolae_vaults_network_quinsquares
          [nicolae_vaults_network_quincunx_subvault,
          nicolae_vaults_network_quincunx_subvault,
          nicolae_vaults_network_quincunx_subvault,
          nicolae_vaults_network_quincunx_subvault], dpeg_vaults_monster_box,
          ontoclasm_vaults_decontamination, gammafunk_the_bubble
          [the_bubble_gammafunk_plus_minus], layout_vaults_maze, uniq_asterion
Vaults:2: minmay_crypt_entry_vampire_xt,
          vaults_standard_mumra_enter_the_diamond, st_check,
          vaults_room_door_hall, vaults_room_large_hall,
          hangedman_vaults_cutoff, v_misc_11, v_misc_19, vaults_mumra_hex,
          nicolae_vaults_cochlea, nicolae_vaults_more_shelving_1,
          vaults_dpeg_emergency_exit, layout_vaults_ring, uniq_saint_roka,
          uniq_margery
Vaults:3: vaults_room_pool, nicolae_vaults_three_branches, v_alt_pattern_1,
          vaults_standard_mumra_enter_the_diamond, v_misc_2,
          nicolae_vaults_ninety_degrees, v_alt_pattern_5,
          nicolae_vaults_closet_pinwheel_1, layout_vaults_chaotic_city,
          serial_shops, nicolae_shop_hallway_plus, uniq_mennas
Vaults:4: nicolae_vaults_little_squares_3, vaults_room_semicircle,
          vaults_room_hallway, grunt_vaults_swirl,
          vaults_room_grunt_arrival_checkpoint, nicolae_vaults_little_squares_6,
          nicolae_vaults_network_square, layout_vaults_omnigrid
Vaults:5
Crypt:1:  evilmike_wizard_prison, layout_misc_corridors
Crypt:2:  layout_catacombs, uniq_frederick, uniq_khufu, uniq_xtahua
Crypt:3:  quadcrypt_mu
Depths:1: layout_cave_pools, skrybe_limestone_x, pf_vacation_house_of_asmodeus,
          hangedman_aviary
Depths:2: evilmike_halls_of_destruction, layout_cave_pools, enter_ziggurat_c,
          grunt_hell_entry_dis_mu, fedhas_altar_4, gammafunk_ghost_necromancy,
          rand_demon_pan_entry_3, abyss_entry, enter_trove_0
Depths:3: angbandy_vault, layout_cave_shapes, abyss_entry_small_statue_room,
          grunt_pan_entry_zigzag, hangedman_coc_ice_floe,
          roderic_cross_of_infinity
Depths:4: evilmike_zot_entry_diamond, layout_honeycomb, nrook_mini_backslash,
          lightli_too_deep
Hell
Zot:1:    layout_cathedral_of_symmetry, hellmonk_body_bag,
          regret_index_zotdec_banners
Zot:2:    layout_cellular_growth, grunt_megastairs_5
Zot:3:    ebering_klown_carousel, layout_misc_corridors

Skill      XL: |  1  2  3  4  5  6  7  8  9 10 11 12 13 14 15 16 17 18 19 20 21 22 23 24 25 26 |
---------------+-------------------------------------------------------------------------------+-----
Fighting       | 1 2 3 4 5 6 7 8 9 10 11 12 13 14 | 14.8
Unarmed Combat | 4 5 6 7 8 10 12 14 16 17 18 19 20 21 22 23 24 | 24.1
Dodging        | 2 3 4 5 6 7 9 10 11 12 13 14 15 16 17 | 17.1
Throwing       | 1 2 3 4 5 6 7 8 9 10 11 12 13 14 15 16 | 16.3
Shapeshifting  | 4 5 6 7 8 9 10 11 12 13 14 15 16 17 | 17.4
Invocations    | 1 2 3 4 5 6 7 8 9 10 11 12 | 12.7
Stealth        | 1 2 3 4 |  4.8
Shields        | 1 2 3 4 6 7 8 9 10 11 | 11.5
Evocations     | 1 2 3 4 5 6 7 8 9 10 11 12 | 12.0
Armour         | 2 3 4 5 |  5.6
Ranged Weapons | 1 |  1.3

Action                     |  1- 3 |  4- 6 |  7- 9 | 10-12 | 13-15 | 16-18 | 19-21 | 22-24 | 25-27 || total
---------------------------+-------+-------+-------+-------+-------+-------+-------+-------+-------++-------
  Melee: Unarmed           |    52 |   111 |   144 |   403 |   765 |   992 |   890 |   923 |   411 ||  4691
         Punch             |       |     3 |     9 |    29 |    77 |    79 |       |       |       ||   197
   Fire: Hand cannon       |       |       |       |       |       |     6 |     2 |    19 |       ||    27
  Throw: Stone             |       |    11 |    15 |    46 |    98 |    39 |    57 |    83 |       ||   349
         Dart              |       |     2 |     1 |    14 |    72 |    50 |    21 |       |       ||   160
         Boomerang         |       |       |       |     9 |    73 |   105 |    47 |    18 |    52 ||   304
         Large rock        |       |       |       |       |     4 |    13 |    25 |    31 |    22 ||    95
         Javelin           |       |       |       |       |     1 |       |    28 |       |    16 ||    45
 Invoke: Slouch            |       |       |       |     3 |    10 |    16 |     5 |     5 |     9 ||    48
         Step From Time    |       |       |       |       |       |       |       |       |     2 ||     2
  Evoke: Wand              |       |       |     2 |     4 |    23 |     5 |     8 |     2 |     3 ||    47
         Phial of floods   |       |       |       |       |     1 |       |     1 |       |     1 ||     3
         Tin of tremorston |       |       |       |       |       |     4 |     2 |     1 |     3 ||    10
         Lightning rod     |       |       |       |       |       |       |     4 |     4 |     1 ||     9
         Sack of spiders   |       |       |       |       |       |       |     1 |     1 |     2 ||     4
    Use: Scroll            |       |     5 |       |    11 |    15 |    20 |     5 |     5 |     1 ||    62
         Potion            |       |       |     2 |       |     1 |    10 |     5 |       |     1 ||    19
   Stab: Sleeping          |     1 |     1 |     4 |     3 |     4 |     7 |    15 |     6 |     5 ||    46
         Distracted        |       |       |     1 |       |     2 |     2 |     1 |     2 |       ||     8
         Confused          |       |       |       |       |     1 |       |       |       |       ||     1
         Invisible         |       |       |       |       |       |     2 |       |       |       ||     2
         Held in net/web   |       |       |       |       |       |       |       |       |     1 ||     1
 Armour: Animal skin       |    26 |    59 |    88 |    69 |       |       |       |       |       ||   242
         Troll leather arm |       |       |       |   177 |   519 |  1143 |   110 |       |       ||  1949
         Acid dragon scale |       |       |       |    11 |       |     2 |       |       |       ||    13
         Fire dragon scale |       |       |       |       |    33 |       |       |       |       ||    33
         Skin              |       |       |       |       |     5 |       |   687 |  1054 |   477 ||  2223
  Dodge: Dodged            |    20 |    38 |    55 |   257 |   516 |  1056 |   787 |  1211 |   573 ||  4513
  Block: Other             |       |    12 |    30 |    95 |   167 |       |       |       |       ||   304
         Reflection        |       |     1 |     3 |     3 |    11 |    53 |    60 |    18 |     4 ||   153
         Kite shield       |       |       |       |       |       |   264 |   708 |   930 |   392 ||  2294
         Form:             |       |     1 |       |       |     1 |     1 |     1 |       |       ||     4
         Beast             |       |     1 |       |       |       |       |       |       |       ||     1
         Flux              |       |       |       |       |     1 |       |       |       |       ||     1
         Blade             |       |       |       |       |       |     1 |       |       |       ||     1
         Statue            |       |       |       |       |       |       |     2 |       |       ||     2

Table legend: (Time is in decaauts)
 A = Elapsed time spent in this place.
 B = Non-inter-level travel time spent in this place.
 C = Inter-level travel time spent in this place.
 D = Time resting spent in this place.
 E = Time spent auto-exploring this place.
 F = Levels seen in this place.
 G = Mean time per level.
                   A        B        C        D        E       F      G
               +--------+--------+--------+--------+--------+-----+--------+
         Total | 119587 | 106030 |  13557 |  10499 |  73707 |  58 | 2061.8 |
       Dungeon |  22354 |  17556 |   4798 |   1151 |  13430 |  15 | 1490.3 |
        Temple |     39 |      3 |     36 |      0 |      0 |   1 |   39.0 |
          Lair |  12095 |  10594 |   1501 |   1406 |   7535 |   5 | 2419.0 |
        Shoals |   5245 |   4965 |    280 |    649 |   2860 |   4 | 1311.2 |
   Spider Nest |   9555 |   8546 |   1009 |    861 |   5724 |   4 | 2388.8 |
    Slime Pits |   6897 |   6464 |    433 |    336 |   3941 |   5 | 1379.4 |
  Orcish Mines |   3470 |   2634 |    836 |    267 |   1790 |   2 | 1735.0 |
   Elven Halls |   7119 |   6242 |    877 |    638 |   4384 |   3 | 2373.0 |
        Vaults |  21597 |  19377 |   2220 |   2108 |  13923 |   5 | 4319.4 |
         Crypt |  10792 |  10494 |    298 |    926 |   7614 |   3 | 3597.3 |
        Depths |  12878 |  11742 |   1136 |   1483 |   7551 |   4 | 3219.5 |
          Hell |     30 |     29 |      1 |      0 |      0 |   1 |   30.0 |
           Zot |   4782 |   4656 |    126 |    259 |   3883 |   3 | 1594.0 |
         Trove |    127 |    127 |      0 |      0 |      0 |   1 |  127.0 |
    Desolation |   1981 |   1981 |      0 |    363 |    821 |   1 | 1981.0 |
      Gauntlet |    621 |    621 |      0 |     46 |    246 |   1 |  621.0 |
               +--------+--------+--------+--------+--------+-----+--------+

Top non-repeatable levels by time:
Vaults:3: 6372 daAuts
 Slime:5: 4842 daAuts
Vaults:4: 4356 daAuts
 Crypt:1: 4328 daAuts
Depths:4: 4271 daAuts
 Crypt:3: 4026 daAuts
Vaults:5: 3801 daAuts
Vaults:2: 3588 daAuts
  Lair:4: 3509 daAuts
Vaults:1: 3477 daAuts
Depths:3: 3423 daAuts
   Elf:3: 3305 daAuts
Depths:2: 3300 daAuts
  Lair:5: 3068 daAuts
Spider:3: 2872 daAuts
